 Dungeon Crawl Stone Soup version 0.22-a0-433-gd2a9cce (webtiles) character file.

53 Mgcat the Chopper (level 3, -1/31 HPs)
             Began as a Minotaur Berserker on May 27, 2018.
             Was a Believer of Trog.
             Shot with an arrow by a centaur (10 damage)
             ... on level 3 of the Dungeon.
             The game lasted 00:02:01 (759 turns).

Mgcat the Chopper (Minotaur Berserker)               Turns: 759, Time: 00:02:03

Health: -1/31      AC:  5    Str: 22    XL:     3   Next: 64%
Magic:  2/2        EV: 11    Int:  4    God:    Trog [**....]
Gold:   40         SH:  0    Dex:  9    Spells: 2/2 levels left

rFire    . . .     SeeInvis .   a - +0 hand axe
rCold    . . .     Gourm    .   (no shield)
rNeg     . . .     Faith    .   i - +0 ring mail
rPois    .         Spirit   .   (helmet restricted)
rElec    .         Reflect  .   (no cloak)
rCorr    .         Harm     .   (no gloves)
MR       .....                  (no boots)
Stlth    ..........             (no amulet)
HPRegen  0.10/turn              (no ring)
MPRegen  0.08/turn              (no ring)

@: berserk cooldown, slowed, very slow
A: retaliatory headbutt, horns 2
a: Berserk, Trog's Hand, Renounce Religion


You were on level 3 of the Dungeon.
You worshipped Trog.
Trog was pleased with you.
You were not hungry.

You visited 1 branch of the dungeon, and saw 3 of its levels.

You collected 40 gold pieces.

Inventory:

Hand Weapons
 a - a +0 hand axe (weapon)
Armour
 i - a +0 ring mail (worn)
   (You took it off a hobgoblin on level 2 of the Dungeon)
Scrolls
 d - 3 scrolls of identify {unknown}
 e - 3 scrolls of remove curse {unknown}
 f - a scroll of enchant armour {unknown}
 g - 2 scrolls of teleportation {unknown}
 h - a scroll of magic mapping {unknown}
Comestibles
 b - 3 chunks of flesh {@w0}
 c - a ration


   Skills:
 - Level 3.6 Fighting
 + Level 5.7 Axes
 - Level 2.4 Armour
 - Level 2.1 Dodging


You had 2 spell levels left.
You didn't know any spells.
Your spell library was empty.

Dungeon Overview and Level Annotations

Branches:
Dungeon (3/15)

Altars:


Innate Abilities, Weirdness & Mutations

You reflexively headbutt those who attack you in melee.
You have a pair of horns on your head.


Message History

You see here a bat corpse.
You butcher the bat corpse.
b - a chunk of flesh {@w0}
There is a stone staircase leading down here.
You climb downwards.
Found a scroll labeled JUEKLI KOLOE.
Found a stone staircase leading down.
There is a stone staircase leading up here.
A goblin comes into view. It is wielding a dagger.
A goblin is nearby!
There is a stone staircase leading down here.
The goblin closely misses you.
You hit the goblin.
You kill the goblin!
Trog accepts your kill.
No target in view!
No target in view!
No target in view!
A rat and a goblin come into view.
The goblin shouts!
A giant cockroach comes into view.
Things that are here:
a dagger; a goblin corpse
There are monsters nearby!
The goblin hits you but does no damage.
You slash the goblin!
You kill the goblin!
Trog accepts your kill.
The giant cockroach completely misses you.
You hit the giant cockroach.
The giant cockroach is almost dead.
The giant cockroach bites you.
Your ring mail prevents you from hitting the giant cockroach.
The giant cockroach is almost dead.
You hit the rat.
You kill the rat!
Trog accepts your kill.
You can now call upon Trog for regeneration and magic resistance.
You have reached level 3!
Your experience leads to an increase in your attributes!
Increase (S)trength, (I)ntelligence, or (D)exterity?
You feel stronger.
The giant cockroach bites you but does no damage.
You barely miss the giant cockroach.
The giant cockroach is almost dead.
The giant cockroach barely misses you. The giant cockroach bites you.
You closely miss the giant cockroach.
The giant cockroach is almost dead.
The giant cockroach bites you but does no damage.
You barely miss the giant cockroach.
The giant cockroach is almost dead.
The giant cockroach barely misses you.
You barely miss the giant cockroach.
The giant cockroach is almost dead.
The giant cockroach bites you. The giant cockroach closely misses you.
You furiously retaliate!
You headbutt the giant cockroach, but do no damage.
You slash the giant cockroach!
You kill the giant cockroach!
Trog accepts your kill.
No target in view!
No target in view!
No target in view!
No target in view!
You butcher the goblin corpse.
b - 2 chunks of flesh {@w0} (gained 1)
You see here a dagger. x2
Found an escape hatch in the ceiling.
Unknown command.
h - a scroll labeled ERIELARUES A worker ant comes into view.
Unknown command.
Unknown command.
The worker ant twitches its antennae in your direction.
You hit the worker ant. Your headbutt misses the worker ant.
The worker ant is moderately wounded.
The worker ant bites you.
A red film seems to cover your vision as you go berserk!
You feel yourself moving faster!
You feel mighty!
You feel a lot more hungry. The worker ant closely misses you.
You furiously retaliate!
You headbutt the worker ant!
You kill the worker ant!
Trog accepts your kill.
You feel a strong urge to attack something.
You see here a worker ant corpse.
You butcher the worker ant corpse.
b - 3 chunks of flesh {@w0} (gained 1)
You feel your anger nearly subside.
You now have 40 gold pieces (gained 11).
You are no longer berserk.
You are exhausted.
You feel yourself slow down.
A rat and a centaur come into view.
The centaur shouts!
The centaur wields a shortbow.
The centaur shoots an arrow.
The arrow hits you!
A rat comes into view.
You see here an arrow.
The centaur shoots an arrow.
The arrow hits you!
* * * LOW HITPOINT WARNING * * *
The centaur shoots an arrow.
The arrow hits you!
You die...

#...<.##.... ##.
#++##......#...$
#..##..##...........
.##..#....#...........
......................
.(....................
...................#
..c.....(....).....#.#
..r....@.............#
...r............###.##
....?...##.#..### #
.....##....).####
..... ####.#.....#
.... #<.>...###..? .##
#.##.### . #.....##.#
#.#...##.#


You could see a centaur and 2 rats.

Vanquished Creatures
  A worker ant (D:3)
  2 giant cockroaches
  6 goblins
  6 hobgoblins
  2 bats
  6 kobolds
  5 rats
28 creatures vanquished.

Notes
Turn   | Place    | Note
-------+----------+-------------------------------------------
     0 | D:1      | Mgcat the Minotaur Berserker began the quest for the Orb.
     0 | D:1      | Reached XP level 1. HP: 19/19 MP: 0/0
    59 | D:1      | Reached skill level 4 in Axes
    96 | D:1      | Reached XP level 2. HP: 17/26 MP: 1/1
   521 | D:2      | Reached skill level 5 in Axes
   733 | D:3      | Reached ** piety under Trog
   733 | D:3      | Reached XP level 3. HP: 30/31 MP: 2/2
   758 | D:3      | Noticed a centaur
   759 | D:3      | Shot with an arrow by a centaur

Vault maps used:
D:1:      giann_wishing_wells
D:2:      nicolae_overflow_crystal_walls, first_ration
D:3:      eat_drink_and_be_merry_uskayaw, gammafunk_temple_overflow_wave,
          uniq_jessica, uniq_natasha

Skill      XL: |  1  2 |
---------------+-------+-----
Axes           | 4 5 |  5.7
Fighting       | |  3.6
Armour         | |  2.4
Dodging        | |  2.1

Action                   || total
-------------------------++-------
Melee: Hand axe          ||    55
       Headbutt          ||     4
Invok: Berserk           ||     1
Armor: Ring mail         ||     6
       Animal skin       ||     3
Dodge: Dodged            ||    30

Table legend:
 A = Spawn XP
 B = Non-spawn XP
 C = Spawn XP percentage of total XP
 D = Spawn monster count
 E = Non-spawn monster count
 F = Spawn count percentage of total count
 G = Total turns spent on level
                    A         B        C        D         E        F      G
               +---------+---------+-------+---------+---------+-------+---------
         Total |       0 |      77 |   0.0 |       0 |      28 |   0.0 |   759
               +---------+---------+-------+---------+---------+-------+---------
           D:1 |       0 |      20 |   0.0 |       0 |      13 |   0.0 |   328
           D:2 |       0 |      16 |   0.0 |       0 |      10 |   0.0 |   393
           D:3 |       0 |      41 |   0.0 |       0 |       5 |   0.0 |    38
               +---------+---------+-------+---------+---------+-------+---------

Vault maps used:
D:1:      giann_wishing_wells
D:2:      nicolae_overflow_crystal_walls, first_ration
D:3:      eat_drink_and_be_merry_uskayaw, gammafunk_temple_overflow_wave,
          uniq_jessica, uniq_natasha

Table legend:
 A = Turns spent in this place as a percentage of turns spent in the entire game.
 B = Non-inter-level travel turns spent in this place as a percentage of non-inter-level travel turns spent in the entire game.
 C = Inter-level travel turns spent in this place as a percentage of turns spent in this place.
 D = Turns resting spent in this place as a percentage of non-inter-level travel turns spent in this place.
 E = Turns spent auto-exploring this place as a percentage of non-inter-level travel turns spent in this place.
 F = Non-inter-level travel turns spent in this place divided by the number of levels of this place that you've seen.
                   A       B       C       D       E      F
               +-------+-------+-------+-------+-------+----------------------
         Total | 100.0 | 100.0 |   3.0 |  20.0 |  55.0 | 245.3
       Dungeon | 100.0 | 100.0 |   3.0 |  20.0 |  55.0 | 245.3
               +-------+-------+-------+-------+-------+----------------------

Table legend:
 A = Kills in this place as a percentage of kills in entire the game.
 B = Kills by you in this place as a percentage of kills by you in the entire game.
 C = Kills by friends in this place as a percentage of kills by friends in the entire game.
 D = Other kills in this place as a percentage of other kills in the entire game.
 E = Experience gained in this place as a percentage of experience gained in the entire game.
 F = Experience gained in this place divided by the number of levels of this place that you have seen.
                   A       B       C       D       E      F
               +-------+-------+-------+-------+-------+----------------------
         Total | 100.0 | 100.0 |   N/A |   N/A | 100.0 |  25.7
       Dungeon | 100.0 | 100.0 |   N/A |   N/A | 100.0 |  25.7
               +-------+-------+-------+-------+-------+----------------------
